 Dungeon Crawl Stone Soup version 0.25-a0-44-g29a1220a87 (webtiles) character file.

Game seed: 14612908577773831585, levelgen mode: deterministic

1281 Goblin1989 the Ruffian (level 8, -2/78 HPs)
             Began as a Troll Hunter on Oct 25, 2019.
             Was a Believer of Qazlal.
             Slain by a slime creature (10 damage)
             ... on level 6 of the Dungeon.
             The game lasted 00:09:48 (5194 turns).

Goblin1989 the Ruffian (Troll Hunter)               Turns: 5194, Time: 00:09:49

Health: -2/78      AC:  7    Str: 21    XL:     8   Next: 29%
Magic:  7/7        EV: 11    Int:  7    God:    Qazlal [**....]
Gold:   352        SH:  2    Dex: 12    Spells: 7/7 levels left

rFire    . . .     SeeInvis .     - Unarmed
rCold    + . .     Gourm    +   (no shield)
rNeg     . . .     Faith    .   b - +0 robe
rPois    .         Spirit   .   (helmet restricted)
rElec    .         Reflect  .   P - +0 cloak
rCorr    +         Harm     .   (gloves unavailable)
MR       .....                  (boots unavailable)
Stlth    +.........             (no amulet)
HPRegen  0.63/turn              c - ring of protection from cold
MPRegen  0.10/turn              g - ring of resist corrosion

@: no status effects
A: large, unfitting armour, claws 3, fast metabolism 3, gourmand, regeneration
1, shaggy fur 1, tough skin 3
a: Upheaval, Renounce Religion


You were on level 6 of the Dungeon.
You worshipped Qazlal.
Qazlal was pleased with you.
You were not hungry.

You visited 1 branch of the dungeon, and saw 7 of its levels.
You also visited: Sewer and Ossuary.

You collected 352 gold pieces.

Inventory:

Missiles
 M - 14 large rocks (quivered) {!d, @Q4}
 Z - 2 throwing nets {!d , @Q1}
Armour
 b - a +0 robe (worn)
 P - a +0 cloak (worn)
Jewellery
 c - a ring of protection from cold (left claw)
 g - a ring of resist corrosion (right claw)
Wands
 E - a wand of enslavement (12)
Scrolls
 D - a scroll of brand weapon {unknown}
 G - 3 scrolls of immolation {unknown}
 H - 3 scrolls of fear {unknown}
 N - 10 scrolls of teleportation {unknown}
 O - 3 scrolls of enchant armour {unknown}
 R - 3 scrolls of magic mapping {unknown}
 S - 3 scrolls of blinking {unknown}
 V - 13 scrolls of identify {unknown}
 X - 2 scrolls of enchant weapon {unknown}
 Y - 6 scrolls of remove curse {unknown}
Potions
 C - 2 potions of lignification {unknown}
 F - 3 potions of might {unknown}
 J - 3 potions of heal wounds {unknown}
 K - a potion of agility {unknown}
 L - 2 potions of flight
 Q - 3 potions of degeneration {unknown}
 T - 2 potions of mutation {unknown}
 U - 2 potions of haste
 W - a potion of invisibility {unknown}
Comestibles
 e - 15 rations


   Skills:
 + Level 4.2 Fighting
 + Level 3.8 Throwing
 + Level 4.2 Dodging
 - Level 0.3 Stealth
 + Level 7.1 Unarmed Combat


You had 7 spell levels left.
You didn't know any spells.
Your spell library was empty.

Dungeon Overview and Level Annotations

Branches:
Dungeon (7/15)              Sewer (visited)         Ossuary (visited)
 Temple: D:4-7

Altars:
Fedhas
Kikubaaqudgha
Makhleb
Nemelex Xobeh
Qazlal
Xom

Annotations:
D:4 2 transporters, KristoblXynda's ghost, amateur DrSk
D:7 1 transporter


Innate Abilities, Weirdness & Mutations

You are too large for most types of armour.
You have claws for hands.
Your metabolism is lightning-fast.
You like to eat raw meat.
Your natural rate of healing is unusually fast.
You are covered in fur. (AC +1)
You have extremely tough skin. (AC +3)


Message History

The gnoll shouts!
You scratch the gnoll. You claw the gnoll.
The gnoll is almost dead.
The gnoll hits you but does no damage.
You closely miss the gnoll.
The gnoll is almost dead.
The gnoll hits you from afar with a +0 halberd.
You take 2 damage, and have 76/78 hp.
You closely miss the gnoll.
The gnoll is almost dead.
The gnoll barely misses you.
You closely miss the gnoll.
The gnoll is almost dead.
The gnoll hits you with a +0 club.
You take 5 damage, and have 72/78 hp.
You claw the gnoll!
You kill the gnoll!
Qazlal accepts your kill.
The gnoll sergeant hits you but does no damage.
You are poisoned.
You mangle the slime creature!!
The slime creature is moderately wounded.
You feel sick.
A slime creature comes into view.
The slime creature is engulfed in blazing flames.
The slime creature hits you. You block the gnoll's attack.
The gnoll hits you from afar with a +0 halberd.
You take 7 damage, and have 66/78 hp.
You feel sick.
The slime creature is engulfed in blazing flames.
You feel sick.
The slime creature is engulfed in blazing flames.
You take 1 damage, and have 65/78 hp.
You feel sick.
There is an open door here.
You feel sick.
You take 1 damage, and have 65/78 hp.
You scratch the slime creature but do no damage.
The slime creature is heavily wounded.
Two slime creatures merge to form a large slime creature.
You scratch the large slime creature.
The large slime creature is moderately wounded.
You feel sick.
You take 1 damage, and have 65/78 hp.
You claw the large slime creature!
The large slime creature is heavily wounded.
The gnoll sergeant hits you from afar with a +4 spear of venom!
You are more poisoned.
The large slime creature barely misses you.
You take 9 damage, and have 56/78 hp.
You mangle the large slime creature!!
The large slime creature is severely wounded.
You feel sick.
The gnoll sergeant hits you from afar with a +4 spear of venom.
You are more poisoned.
The large slime creature hits you!!
* * * LOW HITPOINT WARNING * * *
You take 34 damage, and have 22/78 hp.
MASSIVE DAMAGE!!
You mangle the large slime creature!!
The large slime creature is severely wounded.
You feel sick.
The gnoll sergeant hits you but does no damage.
You are lethally poisoned!
You take 2 damage, and have 20/78 hp.
Unknown command.
Okay, then.
You feel better. The large slime creature hits you.
* * * LOW HITPOINT WARNING * * *
The gnoll sergeant hits you from afar with a +4 spear of venom.
* * * LOW HITPOINT WARNING * * *
You are poisoned.
You regained 2 hp, and now have 22/78 hp.
Unknown command.
You scratch the large slime creature.
The large slime creature is severely wounded.
You feel sick. The large slime creature hits you!!
* * * LOW HITPOINT WARNING * * *
You take 20 damage, and have 2/78 hp.
MASSIVE DAMAGE!!
Unknown command.
Found an escape hatch in the ceiling.
You feel better.
The large slime creature barely misses you.
You regained 10 hp, and now have 13/78 hp.
A large slime creature splits.
The gnoll sergeant completely misses you.
There is an escape hatch in the ceiling here.
Really go through this one-way escape hatch?
The slime creature hits you.
* * * LOW HITPOINT WARNING * * *
The slime creature hits you.
* * * LOW HITPOINT WARNING * * *
The gnoll sergeant hits you from afar with a +4 spear of venom.
* * * LOW HITPOINT WARNING * * *
A mysterious force pulls you upwards. The hatch slams shut behind you.
You take 10 damage, and have 7/78 hp.
Unknown command.
You barely miss the slime creature.
The slime creature is severely wounded.
The slime creature hits you!
You die...

█.█..█ █.........█.█
█.█..█ ██.██████..█.█
█.██.████.█.█████..█.█
█.██.<...███.........█
█.██.████.█.█████..████
█.██.█ ██.██ █......
█.██.█ █.█ █.█████
█.██.█████.█ █.█
█....J@J...█ █.█
████.███████ █.█ █.█
█████.████ █.█
███........██ █.█
█............ █.█
█.█.███..███. █.█ █.█.█
█.██ ██ █.█ █.█.█ █.█ █
█.██████.█.█ █.██ ██


You could see 2 slime creatures.

Vanquished Creatures
  Menkaure (D:6)
  A centaur (D:6)
  A big kobold (Sewer)
  2 elf zombies (Ossuary)
  A bullfrog (D:7)
  A scorpion (D:5)
  2 howler monkeys (D:4)
  2 centaur zombies (Ossuary)
  A crimson imp (D:5)
  A quasit (D:6)
  A jelly (D:6)
  2 hounds (D:5)
  2 orc wizards (D:4)
  A worker ant (D:4)
  A big kobold zombie (Ossuary)
  4 hound zombies (Ossuary)
  A hound skeleton (D:5)
  3 mummies (Ossuary)
  4 adders
  4 gnolls (D:7)
  A river rat (Sewer)
  2 shadow imps
  2 oozes (D:2)
  An adder skeleton (D:5)
  3 adder zombies (Ossuary)
  2 worms
  4 dart slugs
  3 leopard geckos
  11 orcs
  6 bats
  2 bat zombies (D:3)
  6 giant cockroaches
  A gnoll zombie (Ossuary)
  7 goblins
  6 hobgoblins
  4 jackals
  3 quokkas
  3 ball pythons
  4 frilled lizards
  4 goblin zombies (Ossuary)
  5 hobgoblin zombies (Ossuary)
  A jackal skeleton (D:4)
  A jackal zombie (Ossuary)
  15 kobolds
  4 kobold zombies (Ossuary)
  2 orc zombies (Ossuary)
  3 quokka zombies (Ossuary)
  9 rats
  3 rat zombies
154 creatures vanquished.

Vanquished Creatures (others)
  10 toadstools (D:2)
10 creatures vanquished.

Grand Total: 164 creatures vanquished

Notes
Turn   | Place    | Note
-------+----------+-------------------------------------------
     0 | D:1      | Goblin1989 the Troll Hunter began the quest for the Orb.
     0 | D:1      | Reached XP level 1. HP: 19/19 MP: 0/0
   291 | D:1      | Reached skill level 1 in Unarmed Combat
   366 | D:1      | Reached XP level 2. HP: 27/27 MP: 1/1
   565 | D:1      | Reached skill level 2 in Unarmed Combat
   911 | D:2      | Reached XP level 3. HP: 29/33 MP: 2/2
   957 | D:2      | Reached skill level 3 in Unarmed Combat
  1422 | D:3      | Reached XP level 4. HP: 37/41 MP: 3/3
  1624 | D:3      | Reached skill level 4 in Unarmed Combat
  1632 | D:3      | Found a glowing drain.
  1655 | Sewer    | Entered a sewer
  1719 | Sewer    | Noticed a big kobold
  1738 | Sewer    | Killed a big kobold
  1738 | Sewer    | Reached skill level 5 in Unarmed Combat
  1738 | Sewer    | Reached XP level 5. HP: 19/48 MP: 4/4
  1808 | Sewer    | Found a white marble altar of Elyvilon.
  2292 | D:3      | Found an ancient bone altar of Kikubaaqudgha.
  2464 | D:4      | Reached XP level 6. HP: 51/57 MP: 5/5
  2505 | D:4      | Found a transporter.
  2556 | D:4      | Noticed KristoblXynda's ghost (amateur DrSk)
  2557 | D:4      | Found a transporter.
  2745 | D:4      | Found a blossoming altar of Fedhas.
  2750 | D:4      | Found a stormy altar of Qazlal.
  2782 | D:4      | Became a worshipper of Qazlal Stormbringer
  3297 | D:5      | Entered Level 5 of the Dungeon
  3627 | D:5      | Found a shimmering altar of Xom.
  3719 | D:5      | Reached XP level 7. HP: 66/66 MP: 6/6
  3752 | D:5      | Reached skill level 6 in Unarmed Combat
  3772 | D:5      | Found a sparkling altar of Nemelex Xobeh.
  3874 | D:6      | Found a sand-covered staircase.
  3880 | Ossuary  | Entered an ossuary
  3898 | Ossuary  | Reached * piety under Qazlal
  4367 | D:6      | Noticed Menkaure
  4390 | D:6      | Killed Menkaure
  4390 | D:6      | Reached XP level 8. HP: 67/78 MP: 7/7
  4483 | D:6      | Reached ** piety under Qazlal
  4761 | D:6      | Found a burning altar of Makhleb.
  4867 | D:6      | Reached skill level 7 in Unarmed Combat
  4934 | D:7      | Found a transporter.
  5165 | D:7      | Noticed a slime creature
  5166 | D:7      | Noticed a slime creature
  5172 | D:7      | Noticed a slime creature
  5184 | D:7      | HP: 2/78 [large slime creature (19)]
  5194 | D:6      | Slain by a slime creature

Levels and vault maps discovered:
D:1:      psy_arrival_statuary, layout_basic, serial_corexii_hall,
          corexii_hall_statues_s, chequers_hall_statues_wall_a,
          hangedman_decor_growths
D:2:      cheibrodos_fertilizer, layout_rooms, serial_forest,
          infiniplex_forest_clump_medium, infiniplex_forest_straight_2,
          infiniplex_forest_straight_2, infiniplex_forest_straight_1,
          infiniplex_forest_3_way, infiniplex_forest_lined_2,
          infiniplex_forest_straight_3, minmay_tetromino_t2
D:3:      layout_basic, lemuel_zombie_altar_kikubaaqudgha,
          gup_sewer_entry_bubbles, first_ration
D:4:      layout_basic, grunt_temple_overflow_forces_of_nature,
          gammafunk_ghost_arena
D:5:      layout_gridville, lemuel_round_altar, tgw_xom
D:6:      layout_loops_ring, bloody_makhleb, nicolae_ossuary_entry_plus,
          uniq_menkaure
D:7:      gammafunk_beogh_shrine, layout_basic, kennysheep_little_box,
          lemuel_doored_altar, minmay_temple_entry_proselytizer, the_bakery

Skill      XL: |  1  2  3  4  5  6  7  8 |
---------------+-------------------------+-----
Unarmed Combat | 1 2 3 5 6 7 |  7.1
Fighting       | 2 4 |  4.2
Dodging        | 2 4 |  4.2
Throwing       | |  3.8
Stealth        | |  0.3

Action                   |  1- 3 |  4- 6 |  7- 9 || total
-------------------------+-------+-------+-------++-------
Melee: Unarmed           |   104 |   194 |   186 ||   484
       Punch             |     1 |     5 |     9 ||    15
  Use: Potion            |       |       |     6 ||     6
 Stab: Sleeping          |     2 |       |     1 ||     3
  Eat: Chunk             |    15 |    23 |    10 ||    48
Armor: Robe              |    33 |    86 |    46 ||   165
Dodge: Dodged            |    48 |   106 |    80 ||   234
Block: Other             |       |       |    11 ||    11

Table legend:
 A = Non-vault XP
 B = Vault XP
 C = Vault XP percentage of total XP
 D = Non-vault monster count
 E = Vault monster count
 F = Vault count percentage of total count
                 A         B        C        D         E       F
            +---------+---------+-------+---------+---------+-------
      Total |     993 |     838 |  45.8 |      83 |      71 |  46.1
            +---------+---------+-------+---------+---------+-------
        D:1 |      25 |       0 |   0.0 |      13 |       0 |   0.0
        D:2 |      29 |      12 |  29.3 |       9 |       8 |  47.1
        D:3 |      64 |      20 |  23.8 |      22 |       9 |  29.0
        D:4 |     271 |       0 |   0.0 |      17 |       0 |   0.0
        D:5 |     245 |      13 |   5.0 |       9 |       7 |  43.8
        D:6 |     218 |     172 |  44.1 |       8 |       1 |  11.1
        D:7 |     141 |       0 |   0.0 |       5 |       0 |   0.0
      Sewer |       0 |     122 | 100.0 |       0 |       9 | 100.0
    Ossuary |       0 |     499 | 100.0 |       0 |      37 | 100.0
            +---------+---------+-------+---------+---------+-------

Levels and vault maps discovered:
D:1:      psy_arrival_statuary, layout_basic, serial_corexii_hall,
          corexii_hall_statues_s, chequers_hall_statues_wall_a,
          hangedman_decor_growths
D:2:      cheibrodos_fertilizer, layout_rooms, serial_forest,
          infiniplex_forest_clump_medium, infiniplex_forest_straight_2,
          infiniplex_forest_straight_2, infiniplex_forest_straight_1,
          infiniplex_forest_3_way, infiniplex_forest_lined_2,
          infiniplex_forest_straight_3, minmay_tetromino_t2
D:3:      layout_basic, lemuel_zombie_altar_kikubaaqudgha,
          gup_sewer_entry_bubbles, first_ration
D:4:      layout_basic, grunt_temple_overflow_forces_of_nature,
          gammafunk_ghost_arena
D:5:      layout_gridville, lemuel_round_altar, tgw_xom
D:6:      layout_loops_ring, bloody_makhleb, nicolae_ossuary_entry_plus,
          uniq_menkaure
D:7:      gammafunk_beogh_shrine, layout_basic, kennysheep_little_box,
          lemuel_doored_altar, minmay_temple_entry_proselytizer, the_bakery
